 Dungeon Crawl Stone Soup version 0.24-a0-580-g6a6c3f83c1 (webtiles) character file.

Game seed: 3593470745589275846

16 Gynju the Slasher (level 2, -5/24 HPs)
             Began as a Barachi Fighter on Aug 22, 2019.
             Slain by a worm (8 damage)
             ... on level 2 of the Dungeon.
             The game lasted 00:00:38 (583 turns).

Gynju the Slasher (Barachi Fighter)                  Turns: 583, Time: 00:00:38

Health: -5/24      AC:  8    Str: 17    XL:     2   Next: 58%
Magic:  2/2        EV:  7    Int:  8    God:
Gold:   44         SH:  9    Dex: 11    Spells: 1/1 levels left

rFire    . . .     SeeInvis .   a - +0 long sword
rCold    . . .     Gourm    .   c - +0 shield
rNeg     . . .     Faith    .   b - +0 scale mail
rPois    .         Spirit   .   (no helmet)
rElec    .         Reflect  .   (no cloak)
rCorr    .         Harm     .   (no gloves)
MR       .....                  m - +0 pair of boots
Stlth    ..........             (no amulet)
HPRegen  0.08/turn              (no ring)
MPRegen  0.08/turn              (no ring)

@: slow
A: +LOS, swims, slowness 1, strong legs 1
a: Hop


You were on level 2 of the Dungeon.
You were not hungry.

You visited 1 branch of the dungeon, and saw 2 of its levels.

You collected 44 gold pieces.

Inventory:

Hand Weapons
 a - a +0 long sword (weapon)
Armour
 b - a +0 scale mail (worn)
 c - a +0 shield (worn)
 m - a +0 pair of boots (worn)
Jewellery
 k - a +4 amulet of reflection {unknown}
Scrolls
 g - 3 scrolls of identify {unknown}
 h - 2 scrolls of teleportation {unknown}
 i - a scroll of magic mapping {unknown}
 n - a scroll of fear {unknown}
 p - a scroll of blinking {unknown}
Potions
 d - a potion of might
 e - 2 potions of mutation {unknown}
 j - a potion of agility {unknown}
 l - a potion of invisibility {unknown}
Comestibles
 f - a ration
 o - 2 chunks of flesh


   Skills:
 - Level 3.6 Fighting
 + Level 3.8 Long Blades
 - Level 3.6 Armour
 - Level 3.2 Shields


You had one spell level left.
You didn't know any spells.
Your spell library was empty.

Dungeon Overview and Level Annotations

Branches:
Dungeon (2/15)

Altars:


Innate Abilities, Weirdness & Mutations

Shadows flee at your approach. (+LOS)
You can swim through water.
You cover ground slowly.
You can hop short distances.


Message History

You are too injured to fight recklessly!
You are too injured to fight recklessly!
You are too injured to fight recklessly!
You are too injured to fight recklessly!
You are too injured to fight recklessly!
You are too injured to fight recklessly!
You are too injured to fight recklessly!
You are too injured to fight recklessly!
You hit the orc priest.
The orc priest is lightly wounded.
A frilled lizard comes into view.
The orc barely misses you. The orc hits you with a +0 mace.
* * * LOW HITPOINT WARNING * * *
You block the orc priest's attack.
The crimson imp blinks!
The orc barely misses you.
You barely miss the orc priest.
The orc priest is lightly wounded.
The orc barely misses you. You block the orc priest's attack.
You block the orc's attack. The worm bites you!
You die...

########
..:...######
#.........#
#.........#
#.........#
#...<.....#
#.........#
#....o(...#
#....w@...#
#....oo.).#
.5....o.r.......
.............>.....
...................
....l########.#.###
..... .#.# ... .# #
.. #


You could see a worm, an orc priest, a crimson imp, 3 orcs, a frilled lizard and
a rat.

Vanquished Creatures
  A dart slug (D:2)
  4 bats (D:1)
  3 goblins
  3 kobolds (D:1)
  4 rats (D:1)
15 creatures vanquished.

Notes
Turn   | Place    | Note
-------+----------+-------------------------------------------
     0 | D:1      | Gynju the Barachi Fighter began the quest for the Orb.
     0 | D:1      | Reached XP level 1. HP: 18/18 MP: 1/1
     0 | D:1      | Noticed a black draconian
     2 | D:1      | Noticed a tentacled monstrosity
     4 | D:1      | Noticed an ice dragon
     5 | D:1      | Noticed a tentacled monstrosity
     6 | D:1      | Noticed a shadow dragon
     8 | D:1      | Noticed an iron dragon
    10 | D:1      | Noticed an orb of fire
    12 | D:1      | Noticed a shadow dragon
    13 | D:1      | Noticed an orb of fire
    16 | D:1      | Noticed a shadow dragon
    18 | D:1      | Noticed an orb of fire
    18 | D:1      | Noticed a tentacled monstrosity
    19 | D:1      | Noticed an ice dragon
   283 | D:1      | Reached XP level 2. HP: 24/24 MP: 2/2
   575 | D:2      | Noticed a crimson imp
   583 | D:2      | Slain by a worm

Levels and vault maps discovered:
D:1:      shiori_arrival_whats_in_store_for_you, layout_basic
D:2:      layout_basic, first_ration, hangedman_glass_teeth,
          corexii_hall_statues_i, uniq_jessica

Skill      XL: |  1 |
---------------+----+-----
Long Blades    | 3 |  3.8
Fighting       | |  3.6
Armour         | |  3.6
Shields        | |  3.2

Action                   || total
-------------------------++-------
Melee: Long sword        ||    48
Armor: Scale mail        ||    38
Dodge: Dodged            ||    16
Block: Shield            ||    29
       Rpst.: Long sword ||     4

Table legend:
 A = Non-vault XP
 B = Vault XP
 C = Vault XP percentage of total XP
 D = Non-vault monster count
 E = Vault monster count
 F = Vault count percentage of total count
                 A         B        C        D         E       F
            +---------+---------+-------+---------+---------+-------
      Total |      24 |       0 |   0.0 |      15 |       0 |   0.0
            +---------+---------+-------+---------+---------+-------
        D:1 |      18 |       0 |   0.0 |      13 |       0 |   0.0
        D:2 |       6 |       0 |   0.0 |       2 |       0 |   0.0
            +---------+---------+-------+---------+---------+-------
